Map: [ESL] Hardwire

Players

Reynor - Winner!

  • Race: Zerg Zerg

Maru

  • Race: Terran Terran

Event: IEM Katowice 2022

VOD

Have the link to the VOD?

Description

Time

  • Played on: Feb. 25, 2022, 1:40 p.m.
  • Length: 17:27

All games in this series

Show
View Real Time Build Order
Export as new Build Order

Reynor Zerg - Winner!

Build Orders: Hatch First 

Get SALT Encoding   

  12  0:00  Drone  
  13  0:12  Overlord  
  13  0:16  Drone  
  14  0:30  Drone x2  
  16  0:47  Hatchery  
  15  0:50  Drone  
  15  0:54  Drone  
  17  0:57  Drone  
  18  1:09  Extractor  
  17  1:13  Spawning Pool  
  17  1:15  Drone  
  17  1:19  Drone  
  18  1:27  Drone  
  19  1:38  Drone  
  20  1:49  Overlord  
  20  2:00  Queen x2, Zergling x4  
  26  2:10  Drone x2  
  28  2:20  Metabolic Boost  
  28  2:21  Drone x2  
  30  2:32  Hatchery  
  30  2:35  Drone  
  30  2:37  Drone  
  30  2:44  Drone  
  32  2:45  Overlord  
  32  2:53  Drone x2  
  32  2:56  Queen  
  36  3:04  Drone x2  
  38  3:08  Pneumatized Carapace  
  38  3:10  Drone  
  39  3:13  Overlord  
  39  3:16  Drone  
  39  3:17  Drone  
  39  3:19  Drone  
  42  3:25  Drone  
  43  3:30  Drone  
  43  3:32  Queen  
  46  3:37  Drone  
  47  3:44  Queen  
  47  3:45  Drone x3  
  47  3:46  Zergling x2  
  47  3:47  Drone  
  54  3:51  Queen  
  56  3:56  Overlord  
  56  3:57  Drone  
  56  3:59  Drone  
  58  4:06  Overlord  
  58  4:11  Overlord  
  58  4:15  Drone  
  58  4:16  Lair  
  59  4:17  Extractor  
  59  4:18  Overlord  
  59  4:19  Drone x3  
  59  4:21  Queen  
  59  4:22  Drone  
  64  4:26  Extractor  
  64  4:28  Overlord  
  63  4:32  Drone x2  
  63  4:33  Baneling Nest  
  63  4:34  Queen  
  66  4:39  Drone  
  66  4:41  Drone x2  
  69  4:48  Drone x3  
  69  4:49  Overlord  
  69  4:51  Drone  
  73  4:55  Drone x3  
  76  5:01  Overlord  
  76  5:05  Drone  
  76  5:06  Drone x2  
  79  5:07  Evolution Chamber, Extractor  
  79  5:08  Zergling x4  
  79  5:10  Zergling x2  
  79  5:11  Queen  
  79  5:12  Queen  
  84  5:15  Centrifugal Hooks  
  84  5:17  Zergling x4  
  86  5:24  Zergling x2  
  86  5:26  Zergling x2  
  86  5:27  Queen  
  90  5:30  Zergling x2  
  90  5:32  Baneling x4  
  90  5:33  Zergling x2  
  90  5:35  Overlord  
  92  5:37  Zergling x10  
  92  5:38  Zergling x2  
  98  5:44  Overlord  
  96  5:53  Zerg Ground Armor Level 1  
  96  5:54  Zergling x2  
  96  5:55  Zergling x8  
  99  5:58  Overlord  
  99  6:01  Zergling x2  
  100  6:07  Drone x2  
  100  6:09  Drone  
  100  6:10  Zergling x10  
  106  6:13  Drone  
  106  6:14  Spore Crawler  
  106  6:17  Zergling x2  
  107  6:22  Zergling x2  
  107  6:24  Baneling x8  
  108  6:29  Drone x3  
  108  6:31  Drone  
  108  6:32  Drone, Evolution Chamber  
  112  6:33  Drone x3  
  112  6:35  Zergling x4  
  112  6:37  Drone  
  112  6:39  Overseer  
  118  6:40  Baneling x4  
  118  6:43  Overlord  
  114  6:57  Overlord  
  114  7:01  Extractor, Spire  
  112  7:02  Drone x6  
  112  7:03  Drone  
  112  7:04  Drone x2  
  112  7:05  Overlord  
  121  7:10  Drone  
  116  7:18  Zergling x8  
  116  7:20  Zergling x2  
  106  7:24  Zergling x4  
  106  7:29  Drone x3  
  111  7:30  Extractor  
  111  7:31  Zergling x6  
  111  7:32  Hatchery, Zerg Melee Weapons Level 1  
  111  7:35  Zergling x4  
  114  7:38  Zergling x2  
  113  7:44  Zergling x2  
  113  7:45  Zergling x4  
  113  7:49  Hatchery, Zerg Ground Armor Level 2  
  115  7:54  Baneling x6  
  115  7:55  Baneling x3, Spore Crawler  
  115  7:58  Baneling x8  
  114  8:04  Zergling x2  
  114  8:05  Zergling x20  
  125  8:06  Zergling x2  
  125  8:08  Baneling x5  
  125  8:10  Baneling x4  
  125  8:11  Baneling  
  126  8:15  Overlord  
  126  8:16  Zergling x4  
  116  8:34  Mutalisk x5  
  116  8:38  Zergling x16  
  132  8:46  Mutalisk  
  134  8:53  Mutalisk x2  
  130  8:56  Zergling x2  
  130  8:59  Hatchery  
  130  9:00  Mutalisk x2  
  130  9:02  Queen  
  136  9:03  Overlord  
  135  9:10  Overlord  
  135  9:18  Mutalisk x2, Overlord  
  135  9:19  Mutalisk  
  141  9:24  Drone x4  
  141  9:25  Drone  
  141  9:30  Mutalisk x2  
  148  9:39  Baneling  
  148  9:40  Baneling x4, Drone x2  
  148  9:42  Drone  
  148  9:43  Overseer  
  148  9:45  Drone  
  152  9:50  Mutalisk  
  152  9:52  Drone  
  155  9:59  Zerg Flyer Weapons Level 1  
  154  10:01  Zergling x2  
  154  10:02  Zergling x8  
  158  10:07  Drone  
  158  10:12  Hatchery  
  158  10:13  Mutalisk x3  
  157  10:17  Queen  
  157  10:18  Drone  
  157  10:21  Extractor  
  159  10:22  Mutalisk  
  159  10:25  Zergling x8  
  165  10:29  Overlord  
  165  10:31  Zerg Melee Weapons Level 2  
  165  10:34  Extractor  
  163  10:37  Mutalisk  
  163  10:38  Drone x2  
  163  10:39  Overlord  
  167  10:44  Mutalisk  
  167  10:48  Drone x6  
  175  10:52  Drone x2  
  175  10:53  Overlord  
  175  10:54  Infestation Pit  
  175  10:55  Mutalisk  
  178  10:59  Drone x4  
  178  11:01  Overlord  
  178  11:04  Mutalisk x2  
  182  11:09  Zergling x4  
  182  11:10  Overseer x2  
  188  11:25  Mutalisk x3  
  194  11:28  Drone x3  
  194  11:31  Hive  
  197  11:39  Zergling x6  
  199  11:47  Baneling x12  
  199  11:49  Hatchery  
  199  11:50  Extractor  
  197  11:58  Baneling x7  
  197  12:00  Zerg Flyer Weapons Level 2  
  197  12:03  Drone  
  197  12:06  Extractor  
  191  12:09  Hatchery  
  191  12:12  Zergling x2  
  191  12:13  Zergling x30  
  194  12:40  Zergling x6  
  194  12:41  Zergling x32  
  196  12:45  Overlord  
  196  12:50  Overlord  
  194  12:55  Zerg Melee Weapons Level 3, Zerg Ground Armor Level 3  
  194  12:57  Overlord  
  189  13:09  Mutalisk x10  
  189  13:12  Zergling x6  
  195  13:13  Zergling x6  
  194  13:20  Zergling x2  
  194  13:21  Zergling x8  
  196  13:27  Mutalisk  
  198  13:40  Adrenal Glands  
  193  13:43  Baneling x21  
  193  13:44  Zergling x14  
  193  13:46  Overseer  
  198  13:52  Baneling x4  
  198  13:53  Baneling x5  
  183  14:21  Mutalisk x7  
  186  14:28  Zergling x6  
  186  14:29  Zergling x50  
  197  14:33  Zergling x2  
  192  14:39  Zergling x6  
  192  14:41  Mutalisk x4  
  192  14:42  Overseer  
  184  14:53  Zergling x2  
  184  14:54  Zergling x12  
  184  14:55  Baneling x3  
  184  14:56  Baneling x11, Zergling x2  
  190  15:04  Hatchery  
  185  15:10  Mutalisk x4  
  191  15:14  Zergling x14  
  191  15:17  Zergling x4  
  191  15:18  Zergling x6  
  191  15:21  Baneling, Overlord  
  197  15:22  Hatchery, Baneling x5  
  192  15:39  Zergling x26  
  192  15:41  Zergling x8  
  196  15:44  Zergling x6  
  181  15:53  Zergling x8  
  181  15:54  Zergling x2  
  184  16:01  Overseer, Baneling x23  
  184  16:03  Zergling x12  
  190  16:06  Baneling x13  
  190  16:09  Zergling x4  
  192  16:11  Baneling  
  192  16:12  Baneling x9  
  192  16:14  Zergling x2  
  192  16:15  Zergling x6  
  196  16:22  Zergling x12  
  196  16:39  Zergling x2  
  196  16:40  Zergling x16  
  193  16:50  Zergling x14  
  195  16:58  Zergling x14  
  191  17:02  Zergling x18  
  191  17:05  Zergling x8  
  191  17:06  Zergling x2  
  184  17:09  Zergling x6  
  175  17:17  Ultralisk Cavern  
Show
View Real Time Build Order
Export as new Build Order

Maru Terran 

Build Orders: Command Center First (CC) 

Get SALT Encoding   

  12  0:00  SCV  
  13  0:12  SCV  
  14  0:17  Supply Depot  
  14  0:24  SCV  
  15  0:38  SCV  
  16  0:50  SCV  
  17  1:00  Command Center  
  17  1:02  SCV  
  18  1:12  Barracks  
  18  1:15  SCV  
  19  1:20  Refinery  
  19  1:27  SCV  
  19  1:29  Refinery  
  20  1:39  SCV  
  21  1:51  SCV  
  22  1:59  Reaper  
  23  2:03  Orbital Command  
  23  2:12  Orbital Command  
  23  2:16  Supply Depot  
  23  2:19  Factory  
  23  2:29  SCV  
  24  2:31  Barracks Reactor  
  24  2:37  SCV  
  24  2:41  SCV  
  26  2:45  Barracks  
  26  2:49  SCV  
  27  2:53  SCV  
  27  2:56  Barracks  
  28  3:02  SCV  
  28  3:03  Starport  
  29  3:06  SCV  
  29  3:11  Hellion  
  32  3:14  SCV, Hellion  
  32  3:16  Barracks Tech Lab  
  32  3:18  SCV  
  36  3:22  Supply Depot  
  36  3:26  SCV  
  37  3:33  SCV, Hellion  
  40  3:35  Hellion  
  40  3:38  Barracks Reactor  
  40  3:41  Viking  
  44  3:42  SCV  
  44  3:45  Barracks Reactor  
  45  3:49  Stimpack  
  45  3:51  SCV  
  45  3:54  Supply Depot  
  46  3:56  SCV  
  47  4:03  SCV  
  47  4:05  Supply Depot  
  47  4:07  Marine  
  49  4:14  SCV  
  49  4:16  Marine x2  
  52  4:17  SCV  
  52  4:20  Factory Reactor  
  52  4:22  Marine x2  
  55  4:25  Marine  
  55  4:26  SCV  
  55  4:27  Medivac x2  
  55  4:29  SCV  
  62  4:32  Supply Depot  
  62  4:33  Marine x2  
  62  4:34  Supply Depot  
  62  4:38  SCV, Refinery  
  65  4:39  Marine  
  65  4:40  Marine  
  65  4:41  SCV  
  65  4:43  Marine  
  69  4:48  Engineering Bay  
  69  4:50  SCV, Engineering Bay  
  70  4:54  Marine x2  
  70  4:56  SCV  
  73  5:00  Marine x2  
  73  5:01  Widow Mine x2  
  73  5:03  Marine  
  80  5:12  Supply Depot  
  80  5:16  Terran Infantry Weapons Level 1, Terran Infantry Armor Level 1  
  80  5:26  Command Center  
  82  5:28  Widow Mine, Medivac  
  82  5:37  Marine x3  
  82  5:40  Marine  
  82  5:41  Medivac  
  89  5:42  SCV  
  89  5:44  Marine  
  89  5:47  Supply Depot, SCV  
  89  5:48  Refinery  
  91  5:50  Combat Shield  
  91  5:54  SCV  
  91  5:55  Widow Mine  
  94  6:01  Supply Depot  
  94  6:08  Supply Depot  
  94  6:09  Widow Mine, SCV x2, Medivac  
  93  6:21  SCV  
  93  6:22  Marine x3  
  97  6:28  SCV  
  97  6:31  Barracks x2  
  98  6:34  Armory, Marine  
  57  6:40  Orbital Command  
  99  6:41  Widow Mine  
  101  6:49  SCV x2  
  101  6:51  Marine  
  101  6:53  Widow Mine  
  104  7:01  SCV  
  105  7:03  Marine x2  
  105  7:04  Marine x2  
  105  7:05  Medivac  
  105  7:07  Factory  
  111  7:14  SCV  
  100  7:17  Marine  
  100  7:20  Medivac  
  100  7:21  Marine  
  100  7:22  SCV, Orbital Command  
  95  7:24  Terran Infantry Weapons Level 2  
  95  7:26  Marine x3  
  98  7:32  SCV  
  98  7:34  SCV  
  98  7:35  Terran Infantry Armor Level 2, Marine, Medivac  
  103  7:39  Marine  
  103  7:43  Barracks Reactor x2, Marine  
  103  7:44  Marine x2  
  107  7:53  SCV, Factory Tech Lab, Marine  
  107  7:54  SCV  
  107  7:56  Marine  
  111  7:58  SCV  
  111  8:01  Marine  
  111  8:02  Terran Vehicle And Ship Armor Level 1  
  111  8:03  Supply Depot, Marine x2  
  111  8:04  Medivac  
  118  8:05  SCV  
  118  8:11  Marine  
  118  8:12  SCV x2  
  121  8:14  Marine  
  121  8:16  Supply Depot  
  121  8:17  SCV  
  121  8:19  Marine  
  124  8:21  Marine x2  
  124  8:22  Widow Mine x2  
  124  8:24  SCV  
  124  8:25  SCV  
  124  8:28  Marine  
  124  8:29  SCV  
  124  8:32  Widow Mine, Drilling Claws  
  125  8:36  SCV  
  125  8:37  SCV  
  126  8:42  SCV  
  126  8:46  Marine  
  126  8:49  SCV x2  
  126  8:52  Marine x2  
  126  8:53  Widow Mine x2  
  126  8:54  SCV  
  121  8:57  Command Center  
  121  8:58  Medivac x2  
  121  9:01  SCV x2  
  127  9:03  Missile Turret  
  127  9:04  Supply Depot, Missile Turret  
  127  9:06  Missile Turret  
  127  9:09  Marine x4  
  120  9:19  SCV  
  120  9:20  Marine x2  
  120  9:21  Thor, Marine  
  120  9:24  Widow Mine  
  127  9:28  Medivac  
  127  9:30  Marine x3  
  128  9:33  Marine  
  128  9:36  Barracks  
  128  9:37  Barracks  
  129  9:38  Barracks  
  129  9:44  Widow Mine, Marine x3, Medivac  
  129  9:45  Widow Mine, Marine  
  136  9:46  Marine  
  136  9:56  Terran Infantry Weapons Level 3  
  136  9:57  Marine x3  
  136  9:58  Medivac  
  141  10:01  SCV  
  141  10:02  Missile Turret  
  141  10:04  Missile Turret  
  141  10:05  SCV  
  141  10:06  Refinery  
  141  10:07  Refinery  
  141  10:11  Marine x4  
  141  10:12  Marine  
  141  10:14  SCV  
  145  10:18  Terran Infantry Armor Level 3  
  145  10:19  SCV x2  
  147  10:22  Supply Depot  
  147  10:25  Barracks Tech Lab x2  
  147  10:26  SCV  
  147  10:28  Barracks Tech Lab  
  148  10:29  Supply Depot  
  148  10:31  SCV x2  
  148  10:32  Marine x2  
  152  10:37  Sensor Tower  
  152  10:38  SCV, Missile Turret x2  
  153  10:43  SCV  
  153  10:44  Sensor Tower  
  153  10:47  Widow Mine x2  
  153  10:48  Concussive Shells  
  156  10:54  Marauder x3  
  162  10:57  Missile Turret  
  162  10:59  Planetary Fortress  
  162  11:07  Marauder  
  162  11:10  Supply Depot  
  164  11:12  Widow Mine x2  
  164  11:15  Marauder x2  
  172  11:20  Missile Turret x2  
  172  11:22  Marauder  
  172  11:24  Terran Vehicle And Ship Armor Level 2, Command Center  
  174  11:28  Marauder  
  176  11:34  Thor  
  176  11:36  Marauder  
  184  11:42  Marauder  
  184  11:43  Marauder  
  188  11:49  Marauder  
  188  11:55  Marine  
  188  11:56  Marine  
  188  11:58  Marauder  
  192  12:01  Ghost Academy  
  192  12:04  Marauder x2  
  196  12:11  Marauder  
  196  12:12  Widow Mine x2  
  184  12:19  Marauder, Marine  
  184  12:20  Marine  
  184  12:21  Marine x2  
  190  12:24  Refinery, Command Center  
  190  12:25  Refinery, Marauder  
  190  12:26  Refinery, Marauder  
  194  12:31  Missile Turret  
  194  12:32  Marauder  
  185  12:39  SCV x3  
  185  12:41  Marauder  
  185  12:43  Marine  
  162  12:46  Ghost  
  162  12:47  Marauder  
  160  12:51  SCV  
  160  12:53  Ghost  
  157  13:01  SCV, Ghost  
  157  13:04  SCV  
  157  13:07  SCV, Ghost  
  157  13:09  Marine x3  
  157  13:10  Marine x5  
  154  13:13  SCV  
  154  13:15  Ghost  
  154  13:16  SCV  
  154  13:19  SCV  
  156  13:21  Ghost  
  156  13:26  SCV  
  157  13:27  Marine  
  157  13:28  Missile Turret x2, SCV  
  157  13:31  Widow Mine x2, SCV  
  162  13:37  Ghost  
  162  13:38  SCV  
  162  13:40  Planetary Fortress  
  162  13:41  SCV  
  166  13:43  SCV  
  166  13:47  Widow Mine  
  168  13:50  SCV  
  168  13:51  Missile Turret  
  168  13:53  Widow Mine, SCV  
  172  13:55  SCV  
  172  14:01  Ghost  
  172  14:02  SCV  
  176  14:03  Ghost x2  
  176  14:05  SCV  
  176  14:07  SCV  
  182  14:11  Orbital Command  
  182  14:14  SCV  
  181  14:17  SCV  
  181  14:22  Ghost  
  181  14:23  Marine x2  
  182  14:25  Missile Turret  
  182  14:26  SCV, Missile Turret  
  182  14:28  Marine  
  182  14:29  Ghost  
  159  14:32  SCV  
  159  14:33  Marauder  
  160  14:42  SCV  
  160  14:43  SCV  
  162  14:49  SCV  
  153  14:57  Ghost, Marine  
  153  14:58  Marine  
  144  15:04  Widow Mine  
  138  15:11  SCV x2  
  138  15:12  SCV x2, Marine x2  
  144  15:17  Personal Cloaking  
  138  15:23  SCV  
  138  15:24  SCV  
  136  15:33  Missile Turret x2  
  136  15:35  SCV x2  
  138  15:36  SCV  
  138  15:40  Marine x3  
  138  15:41  Marauder x3  
  138  15:42  SCV  
  129  15:49  SCV  
  116  15:51  Marine x3, Marauder  
  116  15:53  SCV  
  116  15:56  SCV  
  123  16:02  Marauder  
  123  16:03  SCV x3  
  128  16:08  Marauder  
  130  16:15  SCV x5  
  135  16:25  Marine  
  132  16:29  SCV x3  
  131  16:33  Widow Mine  
  131  16:34  Widow Mine  
  131  16:35  Marine  
  131  16:36  Marauder  
  131  16:39  Marine x2  
  141  16:40  Marauder x2  
  144  16:49  Marauder  
  141  16:57  Marauder  
  141  16:58  Marine  
  141  17:01  Missile Turret, Marauder x2  
  124  17:09  SCV x3  

Tags
 
Add a new tag
Caveats
  • Supply blocks, unpowered buildings, or Contaminate may cause inaccurate times.
  • Supply counts are checked every 10 seconds.